 Dungeon Crawl Stone Soup version 0.26.1-15-g04117e645d (webtiles) character file.

Game seed: 5879583760633396343

318 Froggeryz the Insei (level 6, 0/38 HPs)
             Began as an Octopode Transmuter on July 20, 2022.
             Slain by a kobold
             ... wielding a +0 short sword
              (6 damage)
             ... on level 3 of the Dungeon.
             The game lasted 00:03:04 (2514 turns).

Froggeryz the Insei (Octopode Transmuter)           Turns: 2514, Time: 00:03:04

Health: 0/38       AC:  1    Str:  8    XL:     6   Next: 45%
Magic:  9/9        EV: 13    Int: 15    God:
Gold:   190        SH:  0    Dex: 14    Spells: 8/9 levels left

rFire    + . .     SeeInvis .   i - +2 whip (venom)
rCold    + . .     Faith    .   (no shield)
rNeg     . . .     Spirit   .   (helmet restricted)
rPois    +         Reflect  .   m - amulet of inaccuracy (curse)
rElec    +         Harm     .   (no ring)
rCorr    +         Rampage  .   (no ring)
Will     .....                  (no ring)
Stlth    ++++......             (no ring)
HPRegen  0.12/turn              (no ring)
MPRegen  0.11/turn              (no ring)
                                (no ring)
                                (no ring)

@: mighty, resistant, attractive, flying
A: almost no armour, stealthy swim, amphibious, 8 rings, constrict 8, camouflage
1, weak 1, gelatinous body 1, evolution 1
a: no special abilities


You were on level 3 of the Dungeon.
You visited 1 branch of the dungeon, and saw 3 of its levels.

You collected 190 gold pieces.

Inventory:

Hand Weapons
 i - a +2 whip of venom (weapon)
Missiles
 k - 12 poisoned darts
Jewellery
 m - a cursed amulet of inaccuracy (around mantle)
Scrolls
 a - 3 scrolls of teleportation
 b - 2 scrolls of blinking
Potions
 d - a potion of ambrosia
 e - a potion of attraction


   Skills:
 - Level 1.0 Fighting
 + Level 1.5 Maces & Flails
 - Level 2.0 Dodging
 - Level 4.1 Stealth
 * Level 6.0 Unarmed Combat
 - Level 2.0 Spellcasting
 - Level 2.0 Transmutations


You had 8 spell levels left.
You knew the following spells:

 Your Spells              Type           Power        Failure   Level
a - Beastly Appendage     Tmut           14%          10%         1

Your spell library contained the following spells:

 Spells                   Type           Power        Failure   Level
 Wereblood                Tmut           7%           14%         2
 Spider Form              Tmut/Pois      2%           41%         3
 Ice Form                 Ice/Tmut       4%           82%         4
 Blade Hands              Tmut           3%           95%         5


Dungeon Overview and Level Annotations

Branches:
Dungeon (3/15)

Altars:
Cheibriados
Ru
Xom


Innate Abilities, Weirdness & Mutations

You cannot wear most types of armour.
You are very stealthy in the water. (Stealth+)
You are amphibious.
You can wear up to eight rings at the same time.
You can use your tentacles to constrict eight enemies at once.
Your skin changes colour to match your surroundings (Stealth+).
Your rubbery body absorbs attacks. (AC +1, EV +1)
You are weak. (Str -2)
You evolve.


Message History

You constrict Terence, but do no damage.
You whack Terence!
Terence looks as sick as possible!
Terence is almost dead.
You constrict Terence.
You kill Terence!
The kobold throws a poisoned dart.
The poisoned dart barely misses you. The hobgoblin is pulled toward you!
Your Unarmed Combat skill increases to level 6!
You whack the hobgoblin!
You kill the hobgoblin!
The kobold throws a poisoned dart.
The poisoned dart hits you! The kobold is pulled toward you!
You barely miss the kobold. Your grab misses the kobold.
The kobold hits you with a +0 short sword.
* * * LOW HITPOINT WARNING * * *
You miss the kobold. Your grab misses the kobold.
The kobold closely misses you.
You miss the kobold. Your grab misses the kobold.
The kobold hits you with a +0 short sword.
You die...

#.#.#.#..#.#***
#........#..,,***
#####.#..###*,*,,
###...## *,*,*
#...### *,*,*
###...# ****,*,*
##.....#* *,,,,,,,
#(.###..# *,*,*,..
#@##,##.# *,,,,,.*
#K#,,,*.# *,*,*,**
#..***,.#**,,,,,,,
#.#.,,*..,,,,,,,,,
#.##.**,***,***,**
#..*.#,,* *,* *,**
#..,*.,,* *,***,*
#..***.,* *,**,,*
*,,,*,,,* *,**,**


You could see a kobold.

Vanquished Creatures
  Sigmund (D:2)
  A bullfrog (D:3)
  Terence (D:3)
  4 adders
  A worm (D:2)
  2 dart slugs (D:1)
  2 leopard geckos
  A giant cockroach (D:3)
  4 hobgoblins
  A quokka (D:2)
  5 bats
  6 frilled lizards
  2 goblins
  8 kobolds
  6 rats
45 creatures vanquished.

Notes
Turn   | Place    | Note
-------+----------+-------------------------------------------
     0 | D:1      | Froggeryz the Octopode Transmuter began the quest for the
                  | Orb.
     0 | D:1      | Reached XP level 1. HP: 13/13 MP: 3/3
   219 | D:1      | Reached skill level 1 in Stealth
   262 | D:1      | Reached XP level 2. HP: 15/18 MP: 5/5
   785 | D:2      | Noticed Sigmund
   806 | D:2      | Killed Sigmund
   807 | D:2      | Reached skill level 5 in Unarmed Combat
   807 | D:2      | Reached XP level 3. HP: 13/23 MP: 3/6
   807 | D:2      | Reached XP level 4. HP: 16/28 MP: 3/7
   807 | D:2      | Reached XP level 5. HP: 19/33 MP: 3/8
  1401 | D:2      | Found a stormy altar of Qazlal.
  1404 | D:2      | Found a shimmering altar of Xom.
  1404 | D:2      | Found a stormy altar of Qazlal.
  1406 | D:2      | Found a glowing golden altar of the Shining One.
  1406 | D:2      | Found an iron altar of Okawaru.
  1406 | D:2      | Found a snail-covered altar of Cheibriados.
  1827 | D:2      | Found a sacrificial altar of Ru.
  2394 | D:3      | Found a snail-covered altar of Cheibriados.
  2495 | D:3      | Reached XP level 6. HP: 38/38 MP: 9/9
  2500 | D:3      | Reached skill level 1 in Maces & Flails
  2501 | D:3      | Gained mutation: You are weak. (Str -2) [potion of
                  | mutation]
  2501 | D:3      | Gained mutation: You evolve. [potion of mutation]
  2506 | D:3      | Noticed Terence
  2510 | D:3      | Killed Terence
  2511 | D:3      | Reached skill level 6 in Unarmed Combat
  2514 | D:3      | Slain by a kobold

Illustrated notes

Levels and vault maps discovered:
D:1:      nzn_arrival_water_spiral, layout_rooms
D:2:      layout_basic, doesnt_xom_only_xom, serial_corexii_hall,
          corexii_hall_statues_i, corexii_hall_statues_l, dk_vineyard_1,
          nicolae_ru_the_path_less_chosen, uniq_sigmund
D:3:      layout_loops_ring, lemuel_round_altar, serial_glass, glass_columns_a,
          glass_columns_a, glass_columns_a, glass_columns_a, glass_columns_a,
          glass_columns_a, glass_columns_a, glass_columns_b, minmay_ruptured,
          uniq_terence

Skill      XL: |  1  2  3  4  5  6 |
---------------+-------------------+-----
Stealth        | 1 3 4 |  4.1
Unarmed Combat | 5 6 |  6.0
Maces & Flails | 1 |  1.5
Fighting       | |  1.0
Dodging        | |  2.0
Spellcasting   | |  2.0
Transmutations | |  2.0

Action                   |  1- 3 |  4- 6 || total
-------------------------+-------+-------++-------
Melee: Unarmed           |    33 |    21 ||    54
       Constrict         |    10 |    16 ||    26
       Tentacles         |     6 |    10 ||    16
       Kick              |     2 |       ||     2
       Whip              |       |    45 ||    45
 Cast: Beastly Appendage |     1 |       ||     1
  Use: Potion            |     1 |     6 ||     7
       Scroll            |       |     5 ||     5
 Stab: Sleeping          |     2 |     7 ||     9
Armor: Skin              |     1 |     4 ||     5
Dodge: Dodged            |    21 |    41 ||    62
